 Dungeon Crawl Stone Soup version 0.31-a0-204-g7da18cac08 (webtiles) character file.

Game seed: 12387069887462026607

132 qw the Skirmisher (level 4, -1/25 HPs)
             Began as a Deep Elf Hunter on June 27, 2023.
             Slain by a sleepcap (20 damage)
             ... on level 4 of the Dungeon.
             The game lasted 00:00:49 (2293 turns).

qw the Skirmisher (Deep Elf Hunter)                 Turns: 2293, Time: 00:00:49

Health: -1/25      AC:  7    Str: 10    XL:     4   Next: 92%
Magic:  6/6        EV:  2    Int: 14    God:
Gold:   123        SH:  0    Dex: 18    Spells: 3/3 levels left

rFire   . . .        Y - +0 shortbow
rCold   . . .        (shield currently unavailable)
rNeg    . . .        a - +0 ring mail
rPois   .            (no helmet)
rElec   .            (no cloak)
rCorr   .            (no gloves)
SInv    .            j - +1 pair of boots
Will    .....        (no amulet)
Stlth   +            d - +5 ring of evasion
HPRegen 0.24/turn    (no ring)
MPRegen 0.10/turn

%: no passive effects
@: sleeping
A: no striking features
a: no special abilities


You were on level 4 of the Dungeon.
You visited 1 branch of the dungeon, and saw 4 of its levels.

You collected 123 gold pieces.


   Skills:
 - Level 1.5 Fighting
 + Level 8.3 Ranged Weapons
 - Level 2.4 Dodging
 - Level 1.2 Stealth


You had 3 spell levels left.
You didn't know any spells.
Your spell library was empty.

Inventory:

Hand Weapons
 Y - a +0 shortbow (weapon)
Armour
 a - a +0 ring mail (worn)
 j - a +1 pair of boots (worn)
Jewellery
 d - a +5 ring of evasion (left hand)
Scrolls
 c - 2 scrolls of teleportation
 g - a scroll of identify
Potions
 b - a potion of resistance

Dungeon Overview and Level Annotations

Branches:
Dungeon (4/15)
 Temple: D:4-7

Altars:
Ashenzari
Uskayaw
The Shining One

Shops:
D:1 :


Message History

You shoot an arrow. The arrow hits the sleepcap.
The sleepcap is lightly damaged.
You shoot an arrow. The arrow hits the sleepcap.
The sleepcap is moderately damaged.
The sleepcap releases spores at you but does no damage.
You shoot an arrow.
The arrow hits the sleepcap but does no damage.
The sleepcap is moderately damaged.
The sleepcap completely misses you.
You shoot an arrow.
The arrow hits the sleepcap but does no damage.
The sleepcap is moderately damaged.
The sleepcap closely misses you.
You shoot an arrow.
The arrow hits the sleepcap but does no damage.
The sleepcap is moderately damaged.
The sleepcap closely misses you. The sleepcap barely misses you.
The sleepcap releases spores at you but does no damage. x2
You shoot an arrow. The arrow hits the sleepcap.
The sleepcap is moderately damaged.
The sleepcap releases spores at you. The sleepcap misses you.
You shoot an arrow. The arrow hits the sleepcap!
The sleepcap is severely damaged.
The sleepcap misses you. The sleepcap closely misses you.
You shoot an arrow.
The arrow completely misses the sleepcap.
The sleepcap releases spores at you but does no damage.
The sleepcap closely misses you.
You shoot an arrow. The arrow hits the sleepcap.
The sleepcap is severely damaged.
The sleepcap releases spores at you but does no damage.
The sleepcap closely misses you.
You shoot an arrow.
The arrow hits the sleepcap but does no damage.
The sleepcap is severely damaged.
The sleepcap releases spores at you.
You are engulfed in a cloud of soporific spores!
You fall asleep.
The sleepcap releases spores at you!!
Ouch! That really hurt!
You die...

...... ......###
......#.####
........#..###
#...........##
.......# #............
.......####....ff....#
................@#
.................###
..##...............#
.................###
..##......).......#
..##..........)..##
..#..#...........###
<...##.............#
...###..........?.%#


You could see 2 sleepcaps.

Vanquished Creatures
  A sleepcap (D:4)
  Terence (D:2)
  A gnoll (D:1)
  2 adders
  A worm (D:3)
  3 dart slugs
  An orc (D:3)
  3 ball pythons
  3 endoplasms
  2 giant cockroaches (D:4)
  9 goblins
  3 hobgoblins
  A quokka (D:3)
  7 bats
  4 frilled lizards (D:2)
  2 rats
44 creatures vanquished.

Notes
Turn   | Place    | Note
-------+----------+-------------------------------------------
     0 | D:1      | qw the Deep Elf Hunter began the quest for the Orb.
     0 | D:1      | Reached XP level 1. HP: 12/12 MP: 3/3
     0 | D:1      | 0 ||| qw: Version: 0.3-a-22-g0ed2b0b
     0 | D:1      | 0 ||| qw: Game counter: 6371
     0 | D:1      | 0 ||| qw: Melee chars always use a shield: true
     0 | D:1      | 0 ||| qw: God list: Okawaru
     0 | D:1      | 0 ||| qw: Allow faded altars: false
     0 | D:1      | 0 ||| qw: Do Orc after clearing Dungeon:15 true
     0 | D:1      | 0 ||| qw: Do second Lair branch before Depths: true
     0 | D:1      | 0 ||| qw: Lair rune preference: random
     0 | D:1      | 0 ||| qw: Goals: Normal
     0 | D:1      | 0 ||| PLANNING D:1-11
   181 | D:1      | Reached skill level 6 in Ranged Weapons
   181 | D:1      | Reached XP level 2. HP: 16/16 MP: 4/4
   269 | D:1      | Found Ihouhyi's Book Shoppe.
   311 | D:1      | 311 ||| FLEEEEING.
   312 | D:1      | 312 ||| FLEEEEING.
   313 | D:1      | 313 ||| FLEEEEING.
   316 | D:1      | 316 ||| FLEEEEING.
   333 | D:1      | 333 ||| FLEEEEING.
   334 | D:1      | 334 ||| FLEEEEING.
   335 | D:1      | 335 ||| FLEEEEING.
   336 | D:1      | 336 ||| FLEEEEING.
   645 | D:1      | 645 ||| UPGRADING to +0 scale mail.
   655 | D:1      | 655 ||| DROPPING +0 leather armour.
   656 | D:1      | 656 ||| UPGRADING to +0 pair of boots.
   661 | D:1      | 661 ||| UPGRADING to +5 ring of evasion.
   662 | D:1      | 662 ||| READING 2 scrolls labelled BASAVY ZE URI.
   663 | D:1      | 663 ||| READING scroll of enchant armour.
   663 | D:1      | 663 ||| ENCHANTING +0 pair of boots.
   664 | D:1      | 664 ||| READING scroll labelled JODWIYTTOM.
   665 | D:1      | 665 ||| READING scroll labelled VEMPISATEO.
   668 | D:1      | 668 ||| DROPPING scroll of butterflies.
   719 | D:2      | Noticed Terence
   725 | D:2      | HP: 3/16 [Terence/+0 flail (6)]
   729 | D:2      | Killed Terence
   730 | D:2      | Reached skill level 7 in Ranged Weapons
   730 | D:2      | Reached XP level 3. HP: 3/20 MP: 5/5
   885 | D:2      | You fall into a shaft and drop 2 floors!
   885 | D:4      | Found a broken altar of Ashenzari.
   945 | D:4      | Reached XP level 4. HP: 25/25 MP: 6/6
   959 | D:4      | 959 ||| READING scroll labelled QUYMUFFABAL.
   960 | D:4      | 960 ||| READING scroll labelled SUD YGRIORAF.
   967 | D:4      | 967 ||| FLEEEEING.
   968 | D:4      | 968 ||| STAIRDANCE
  1307 | D:2      | 1307 ||| READING scroll labelled QUOBRO WESUVIDUXT.
  1308 | D:2      | 1308 ||| READING scroll labelled JOT US TYISM.
  1309 | D:2      | 1309 ||| DRINKING 2 pink potions.
  1310 | D:2      | 1310 ||| DROPPING potion of magic.
  1468 | D:3      | Found a glowing golden altar of the Shining One.
  1516 | D:3      | Found a faded altar of an unknown god.
  1536 | D:3      | 1536 ||| FLEEEEING.
  1817 | D:3      | Noticed a +0 dagger
  1817 | D:3      | Noticed a +0 dagger
  1818 | D:3      | Found a hide-covered altar of Uskayaw.
  2170 | D:3      | 2170 ||| UPGRADING to +0 ring mail.
  2180 | D:3      | 2180 ||| DROPPING +0 scale mail.
  2181 | D:3      | 2181 ||| READING scroll labelled KYMUIBB VIMP.
  2182 | D:3      | 2182 ||| READING 2 scrolls of identify.
  2182 | D:3      | 2182 ||| IDENTIFYING cyan potion
  2264 | D:4      | Reached skill level 8 in Ranged Weapons
  2293 | D:4      | Slain by a sleepcap

Levels and vault maps discovered:
D:1:      ldierk_walled_garden, layout_loops_ring, serial_shops, shop_statue,
          serial_park_tiny_pond
D:2:      layout_basic, uniq_terence
D:3:      layout_basic, dancing_weapons_uskayaw, tso_metal_star,
          chequers_ecumenical_altar_island
D:4:      layout_cave_pools, cheibrodos_ashenzari_chains, tgw_kikubaaqudgha,
          minmay_temple_entry_ruins, hellmonk_no_cap

Skill      XL: |  1  2  3  4 |
---------------+-------------+-----
Ranged Weapons | 6 7 8 |  8.3
Fighting       | |  1.5
Dodging        | |  2.4
Stealth        | |  1.2

Action                     |  1- 3 |  4- 6 || total
---------------------------+-------+-------++-------
   Fire: Shortbow          |    55 |    85 ||   140
    Use: Scroll            |     4 |     6 ||    10
         Potion            |       |     1 ||     1
 Armour: Leather armour    |     1 |       ||     1
         Scale mail        |     6 |    10 ||    16
         Ring mail         |       |     8 ||     8
  Dodge: Dodged            |    16 |    27 ||    43

Table legend:
 A = Non-vault XP
 B = Vault XP
 C = Vault XP percentage of total XP
 D = Non-vault monster count
 E = Vault monster count
 F = Vault count percentage of total count
                 A         B        C        D         E       F
            +---------+---------+-------+---------+---------+-------
      Total |     114 |      75 |  39.7 |      42 |       2 |   4.5
            +---------+---------+-------+---------+---------+-------
        D:1 |      40 |       0 |   0.0 |      14 |       0 |   0.0
        D:2 |      30 |      36 |  54.5 |      13 |       1 |   7.1
        D:3 |      32 |       0 |   0.0 |       8 |       0 |   0.0
        D:4 |      12 |      39 |  76.5 |       7 |       1 |  12.5
            +---------+---------+-------+---------+---------+-------
